 Dungeon Crawl Stone Soup version 0.18-a0-1784-ga939a68 (webtiles) character file.

3409 st0uf the Blocker (level 10, -1/77 HPs)
             Began as a Formicid Fighter on Apr 18, 2016.
             Was a Follower of Okawaru.
             Slain by an orc warrior
             ... wielding a +0 short sword of venom
              (5 damage)
             ... on level 8 of the Dungeon.
             The game lasted 00:32:31 (6986 turns).

st0uf the Blocker (Formicid Fighter)                Turns: 6986, Time: 00:32:31

Health: -1/77      AC: 10    Str: 21    XL:     10   Next: 24%
Magic:  9/10       EV: 21    Int:  8    God:    Okawaru [*.....]
Gold:   273        SH: 13    Dex: 13    Spells: 0 memorised, 9 levels left

rFire  . . .     SeeInvis +     a - +0 quarterstaff
rCold  . . .     Gourm    .     b - +0 scale mail
rNeg   . . .     Faith    .     c - +0 shield
rPois  .         Spirit   .     (helmet unavailable)
rElec  .         Dismiss  .     (no cloak)
rCorr  .         Reflect  .     (no gloves)
SustAt .         Harm     .     E - +0 pair of boots
MR     +....                    (no amulet)
Stlth  ++........               y - +2 ring of evasion
                                e - +4 ring of evasion

@: lethally poisoned (-1 -> -27), heroism, somewhat resistant to hostile
enchantments, unstealthy
A: permanent stasis, dig shafts and tunnels, four strong arms, antennae 3
a: Dig, Shaft Self, Heroism, Renounce Religion


You were on level 8 of the Dungeon.
You worshipped Okawaru.
Okawaru was aware of your devotion.
You were not hungry.

You visited 2 branches of the dungeon, and saw 9 of its levels.

You collected 273 gold pieces.

Inventory:

Hand Weapons
 a - a +0 quarterstaff (weapon)
 v - a +0 blowgun
 M - a +0 hunting sling
Missiles
 i - 345 stones (quivered)
 l - 55 poisoned needles
 u - 6 curare-tipped needles
 S - 14 sling bullets
Armour
 b - a +0 scale mail (worn)
 c - a +0 shield (worn)
 g - a +2 buckler
 E - a +0 pair of boots (worn)
Magical Staves
 T - an uncursed staff of power
Jewellery
 e - a +4 ring of evasion (left hand)
 x - an uncursed ring of flight {unknown}
 y - a +2 ring of evasion (right hand)
 Q - an uncursed ring of ice {unknown}
Wands
 H - a wand of iceblast (5/15)
 O - a wand of slowing (24/48)
Scrolls
 h - 9 scrolls of identify {unknown}
 k - 4 scrolls of random uselessness {unknown}
 n - 2 scrolls of noise {unknown}
 p - 2 scrolls of blinking {unknown}
 r - a scroll of fog {unknown}
 w - a scroll of magic mapping {unknown}
 B - 6 scrolls of remove curse {unknown}
 C - 2 scrolls of recharging {unknown}
 G - 4 scrolls of teleportation {unknown}
 N - 2 scrolls of enchant armour {unknown}
Potions
 d - 3 potions of might
 j - 2 potions of haste {unknown}
 s - 4 potions of curing {unknown}
 t - a potion of invisibility {unknown}
 z - 2 potions of cure mutation
 A - a potion of magic {unknown}
 D - 2 potions of flight {unknown}
 J - 2 potions of cancellation {unknown}
 L - a potion of degeneration {unknown}
 R - a potion of heal wounds {unknown}
Books
 F - Sif Muna's Guide on Harmful Heat
   (You found it on level 4 of the Dungeon)

   Spells                             Type                      Level
   a - Sting                          Conjuration/Poison           1
 I - a book of Minor Magic

   Spells                             Type                      Level
   a - Magic Dart                     Conjuration                  1
   b - Blink                          Translocation                2
   c - Call Imp                       Summoning                    2
   d - Repel Missiles                 Charms/Air                   2
   e - Slow                           Hexes                        2
   f - Conjure Flame                  Conjuration/Fire             3
   g - Mephitic Cloud                 Conjuration/Poison/Air       3
Comestibles
 f - 12 bread rations
 m - 2 beef jerkies
 o - a royal jelly
 q - 5 meat rations
 K - 9 fruits
 P - a slice of pizza
 U - 4 chunks of flesh


   Skills:
 + Level 6.9(11.9) Fighting
 + Level 6.6(11.6) Staves
 + Level 1.7(6.7) Throwing
 + Level 6.8(11.8) Armour
 + Level 5.6(10.6) Dodging
 + Level 0.6(5.6) Stealth
 + Level 9.1(14.1) Shields


You had 9 spell levels left.
You didn't know any spells.

Dungeon Overview and Level Annotations

Branches:
Dungeon (8/15)             Temple (1/1) D:7            Lair (0/8) D:8

Altars:
Ashenzari
Dithmenos
Fedhas
Gozag
Kikubaaqudgha
Nemelex Xobeh
Okawaru
Sif Muna
Trog
Vehumet
Xom
Yredelemnul
Zin
The Shining One

Annotations:
D:6 exclusion: oklob plant


Innate Abilities, Weirdness & Mutations

You are under a permanent stasis effect.
You can dig through walls and to a lower floor.
Your four strong arms can wield two-handed weapons with a shield.
You have a pair of large antennae on your head (SInv).


Message History

* * * LOW HITPOINT WARNING * * *
You feel sick. The orc warrior barely misses you.
You closely miss the orc warrior.
The orc warrior is heavily wounded.
* * * LOW HITPOINT WARNING * * *
You feel sick. You block the orc warrior's attack.
You hit the orc warrior.
The orc warrior is severely wounded.
* * * LOW HITPOINT WARNING * * *
You feel sick.
The orc priest invokes the aid of Beogh against you.
Beogh smites you!
* * * LOW HITPOINT WARNING * * *
Unknown command.
Drink which item? (? for menu, Esc to quit)
It was a potion of cure mutation.
It has a very clean taste.
* * * LOW HITPOINT WARNING * * *
You feel very sick.
The orc warrior hits you with a short sword of venom.
You die...

####### #............# ......#
#............# ......#####
###............# ...รท.......
...............#
......##########...........#
...........................#
.>....[....................#
...<..#.#.#.#.#.#(#.)#'#.###
.#.#+#.#.#.#.#.#@#.#...#.######
#.#.# #.#.#.#.#.#o#............
.#.#.# #.#.#.#'#{oo#.#.........
#.#.#.#.#.#####.....####.......
.#.#.#.... ##.........##......)
#.#.#.#...##...........#.......
.#.#.#. ................#######
#.#.#.# .........>.........
.#.#.#.# #..............##.


You could see an orc warrior, an orc priest and an orc.

Vanquished Creatures
  Joseph (D:7)
  A spriggan (D:8)
  A hippogriff (D:6)
  2 wargs (D:8)
  Duvessa (D:6)
  2 ice beasts
  3 orc warriors
  An ogre (D:7)
  A phantom (D:5)
  2 centaurs
  A big kobold (D:6)
  3 giant frogs
  Dowan (D:6)
  A water moccasin skeleton (D:6)
  3 scorpions
  A crimson imp (D:6)
  A centaur zombie (D:8)
  2 centaur skeletons
  3 hounds
  5 orc priests
  11 orc wizards
  Terence (D:2)
  2 iguanas
  6 worker ants
  A hound zombie (D:8)
  A howler monkey zombie (D:8)
  5 adders
  An ooze (D:1)
  An adder zombie (D:6)
  2 adder skeletons
  7 worms
  2 dart slugs
  8 giant geckos
  27 orcs
  6 bats
  3 giant cockroaches
  6 goblins
  5 hobgoblins
  15 jackals
  9 kobolds
  3 quokkas
  2 ball pythons
  5 giant newts
  A jackal zombie (D:7)
  6 rats
172 creatures vanquished.

Vanquished Creatures (others)
  20 toadstools (D:6)
20 creatures vanquished.

Grand Total: 192 creatures vanquished

Notes
Turn   | Place    | Note
--------------------------------------------------------------
     0 | D:1      | st0uf the Formicid Fighter began the quest for the Orb.
     0 | D:1      | Reached XP level 1. HP: 18/18 MP: 1/1
    80 | D:1      | Reached XP level 2. HP: 24/24 MP: 2/2
   201 | D:1      | Reached skill level 4 in Shields
   286 | D:1      | Reached XP level 3. HP: 27/30 MP: 3/3
   892 | D:2      | Reached XP level 4. HP: 34/37 MP: 4/4
   899 | D:2      | Noticed Terence
   927 | D:2      | Killed Terence
  1518 | D:3      | Reached XP level 5. HP: 41/42 MP: 5/5
  1671 | D:3      | Reached skill level 1 in Dodging
  2276 | D:4      | Reached skill level 5 in Shields
  2276 | D:4      | Reached XP level 6. HP: 49/49 MP: 6/6
  2693 | D:4      | Reached XP level 7. HP: 50/55 MP: 7/7
  2905 | D:4      | Found a deep blue altar of Sif Muna.
  2959 | D:4      | Identified Sif Muna's Guide on Harmful Heat
  2979 | D:5      | Entered Level 5 of the Dungeon
  3058 | D:5      | Found a glowing golden altar of the Shining One.
  3128 | D:5      | Reached skill level 5 in Fighting
  3492 | D:5      | Reached skill level 6 in Shields
  3492 | D:5      | Reached XP level 8. HP: 59/62 MP: 8/8
  3945 | D:5      | Reached skill level 5 in Armour
  4089 | D:6      | Reached skill level 5 in Staves
  4127 | D:6      | Noticed Duvessa
  4136 | D:6      | Noticed Dowan
  4141 | D:6      | Killed Duvessa
  4153 | D:6      | Killed Dowan
  4153 | D:6      | Reached skill level 7 in Shields
  4483 | D:6      | Found a blossoming altar of Fedhas.
  4501 | D:6      | Noticed an oklob plant
  4715 | D:6      | Reached XP level 9. HP: 14/69 MP: 9/9
  4938 | D:6      | Reached skill level 1 in Throwing
  5223 | D:6      | Reached skill level 8 in Shields
  5854 | D:7      | Noticed Joseph
  5879 | D:7      | Killed Joseph
  6130 | D:7      | Found a staircase to the Ecumenical Temple.
  6144 | Temple   | Entered the Ecumenical Temple
  6245 | Temple   | Became a worshipper of Warmaster Okawaru
  6361 | D:8      | Reached skill level 5 in Dodging
  6424 | D:8      | Found a staircase to the Lair.
  6447 | D:8      | Reached XP level 10. HP: 36/77 MP: 10/10
  6501 | D:8      | Reached * piety under Okawaru
  6785 | D:7      | Reached skill level 9 in Shields
  6986 | D:8      | Slain by an orc warrior

Vault maps used:
D:1:      erik_arrival_triangle_small, bh_walls_and_bars
D:2:      first_bread, uniq_terence
D:4:      led_sif_book
D:5:      minmay_misc_feat_tower, tso_metal_star
D:6:      hangedman_decor_growths, corexii_hall_statues_i, tgw_fedhas,
          uniq_duvessa
D:7:      temple_statues, uniq_joseph
D:8:      erik_lair_orcish_takeover, the_bakery
Temple:   circular_temple_12

Skill      XL: |  1  2  3  4  5  6  7  8  9 10 |
---------------+-------------------------------+-----
Shields        | 4 5 6 7 8 9 |  9.1
Fighting       | 4 5 6 |  6.9
Staves         | 3 4 5 6 |  6.6
Dodging        | 1 2 3 5 |  5.6
Armour         | 4 5 6 |  6.8
Throwing       | 1 |  1.7
Stealth        | |  0.6

Action                   |  1- 3 |  4- 6 |  7- 9 | 10-12 || total
-------------------------+-------+-------+-------+-------++-------
Melee: Quarterstaff      |    89 |   185 |   452 |   159 ||   885
 Fire: Blowgun           |       |     5 |    13 |       ||    18
Invok: Heroism           |       |       |       |     1 ||     1
 Abil: Dig               |       |     1 |     3 |       ||     4
  Use: Potion            |       |       |       |     1 ||     1
 Stab: Distracted        |       |       |       |     1 ||     1
  Eat: Chunk             |       |     6 |    13 |     2 ||    21
Armor: Scale mail        |    34 |    61 |    75 |    17 ||   187
Dodge: Dodged            |    21 |    72 |   184 |    74 ||   351
Block: Shield            |    44 |   106 |   200 |    68 ||   418
